[ PARTIDA AOE2 · #482763196 ]
UnrankedBúlgaros vs Bulgarians
[ ANÁLISIS DE REPETICIÓN · EXTRAÍDO DE LA PARTIDA GRABADA ]
Feudal
13:23
Castillos
25:39
Imperial
34:28
| APM promedio | 12.0 |
| APM pico | 29 |
| eAPM promedio | 9.0 |
| Aldeanos / militares | 132 / 572 |
Foco
⚔️ 40.7% · 🌾 59.3%
Spearman ×232 · Konnik ×169 · Skirmisher ×161 · Trade Cart ×11 · Battering Ram ×7 · Trebuchet (Packed) ×2
Feudal
11:31
Castillos
22:16
Imperial
41:39
| APM promedio | 41.9 |
| APM pico | 88 |
| eAPM promedio | 29.2 |
| Aldeanos / militares | 165 / 820 |
Foco
⚔️ 50.5% · 🌾 49.5%
Spearman ×332 · Scout Cavalry ×315 · Knight ×105 · Flemish Militia ×63 · Trade Cart ×16 · Militia ×5
Feudal
10:25
Castillos
24:40
Imperial
36:46
| APM promedio | 16.7 |
| APM pico | 52 |
| eAPM promedio | 14.0 |
| Aldeanos / militares | 132 / 728 |
Foco
⚔️ 50.1% · 🌾 49.9%
Spearman ×502 · Konnik ×205 · Trade Cart ×38 · Trebuchet (Packed) ×15 · Fishing Ship ×10 · Militia ×4
Feudal
12:35
Castillos
23:21
Imperial
40:14
| APM promedio | 26.7 |
| APM pico | 69 |
| eAPM promedio | 16.2 |
| Aldeanos / militares | 213 / 686 |
Foco
⚔️ 42.1% · 🌾 57.9%
Spearman ×275 · Hand Cannoneer ×159 · Scout Cavalry ×90 · Flemish Militia ×84 · Skirmisher ×45 · Fishing Ship ×22
Mapa de la partida
Recursos iniciales + cada clic de construcción. Líneas = muros · curvas = relieve. ◆ oro · ⬟ piedra · ● bayas · ✦ reliquia · ◌ hueco del cierre
Tu base· ✓ Separados por el mapa
Base de Josico90· ✓ Separados por el mapa
Base de tarilis· ✓ Separados por el mapa
Base de wolch· ✓ Separados por el mapa
Terreno inicial suavizado · ◌ = hueco del cierre detectado · pasá el cursor para detalles
Inputs por minuto
— Jojo l'Escargot - - Josico90
Build order — Jojo l'Escargot
Primeras 150 de 437 acciones detectadas
| 0:05 | Construir | House |
| 0:07 | Construir | House |
| 0:10 | Construir | House |
| 0:11 | Crear | Villager (Male) |
| 0:13 | Investigar | Loom |
| 0:14 | Crear | Villager (Male) |
| 0:14 | Crear | Villager (Male) |
| 0:14 | Crear | Villager (Male) |
| 1:43 | Crear | Villager (Male) |
| 2:48 | Crear | Villager (Male) |
| 2:55 | Crear | Villager (Male) |
| 3:58 | Crear | Villager (Male) |
| 3:58 | Crear | Villager (Male) |
| 3:59 | Crear | Villager (Male) |
| 4:18 | Crear | Villager (Male) |
| 5:01 | Crear | Villager (Male) |
| 5:01 | Crear | Villager (Male) |
| 5:46 | Crear | Villager (Male) |
| 5:46 | Crear | Villager (Male) |
| 6:07 | Crear | Villager (Male) |
| 6:46 | Construir | Lumber Camp |
| 8:11 | Crear | Villager (Male) |
| 8:11 | Crear | Villager (Male) |
| 8:12 | Crear | Villager (Male) |
| 8:12 | Crear | Villager (Male) |
| 8:19 | Construir | House |
| 8:21 | Construir | House |
| 8:39 | Construir | Mill |
| 8:53 | Construir | Mill |
| 9:11 | Crear | Villager (Male) |
| 9:41 | Construir | Mining Camp |
| 10:09 | Crear | Villager (Male) |
| 10:26 | Crear | Villager (Male) |
| 11:13 | Investigar | Feudal Age |
| 11:52 | Crear | Villager (Male) |
| 11:52 | Crear | Villager (Male) |
| 12:15 | Construir | Mining Camp |
| 12:25 | Crear | Villager (Male) |
| 12:26 | Crear | Villager (Male) |
| 13:23 | Edad | Edad Feudal |
| 13:37 | Crear | Villager (Male) |
| 13:41 | Investigar | Horse Collar |
| 13:46 | Investigar | Double-Bit Axe |
| 13:55 | Crear | Villager (Male) |
| 14:28 | Crear | Villager (Male) |
| 14:38 | Construir | House |
| 14:39 | Construir | House |
| 14:49 | Crear | Villager (Male) |
| 15:10 | Construir | Farm |
| 15:11 | Construir | Farm |
| 15:13 | Construir | Farm |
| 15:14 | Construir | Farm |
| 15:15 | Construir | Farm |
| 15:17 | Construir | Farm |
| 15:18 | Construir | Farm |
| 15:20 | Construir | Farm |
| 15:38 | Construir | Farm |
| 15:53 | Crear | Villager (Male) |
| 16:29 | Crear | Villager (Male) |
| 16:40 | Crear | Villager (Male) |
| 16:52 | Construir | Barracks |
| 16:59 | Construir | Blacksmith |
| 17:20 | Construir | Palisade Wall |
| 17:23 | Construir | Palisade Wall |
| 17:43 | Construir | Gate |
| 17:59 | Crear | Villager (Male) |
| 18:05 | Construir | Farm |
| 18:06 | Construir | Farm |
| 18:07 | Construir | Farm |
| 18:09 | Construir | Farm |
| 18:10 | Construir | Farm |
| 18:14 | Crear | Villager (Male) |
| 18:16 | Crear | Villager (Male) |
| 18:34 | Construir | Palisade Wall |
| 18:44 | Crear | Villager (Male) |
| 18:51 | Construir | House |
| 18:54 | Construir | House |
| 19:03 | Construir | House |
| 19:05 | Construir | House |
| 19:18 | Crear | Villager (Male) |
| 19:34 | Crear | Villager (Male) |
| 19:50 | Construir | House |
| 19:54 | Construir | House |
| 20:08 | Crear | Villager (Male) |
| 20:16 | Construir | Farm |
| 20:17 | Construir | Farm |
| 20:18 | Construir | Farm |
| 20:39 | Construir | Stable |
| 20:41 | Construir | Archery Range |
| 21:19 | Crear | Villager (Male) |
| 21:20 | Crear | Villager (Male) |
| 21:40 | Construir | House |
| 21:42 | Construir | House |
| 21:44 | Construir | House |
| 21:48 | Construir | House |
| 21:50 | Construir | House |
| 21:52 | Construir | House |
| 21:53 | Construir | House |
| 22:07 | Crear | Villager (Male) |
| 22:30 | Crear | Villager (Male) |
| 22:48 | Investigar | Castle Age |
| 22:57 | Construir | Stone Wall |
| 23:18 | Construir | Stone Wall |
| 23:20 | Construir | Gate |
| 23:28 | Construir | Farm |
| 23:31 | Construir | Farm |
| 23:33 | Construir | Farm |
| 23:37 | Crear | Villager (Male) |
| 23:38 | Crear | Villager (Male) |
| 24:12 | Investigar | Bloodlines |
| 24:15 | Investigar | Scale Barding Armor |
| 24:16 | Investigar | Forging |
| 24:17 | Investigar | Scale Mail Armor |
| 24:19 | Investigar | Fletching |
| 24:24 | Investigar | Padded Archer Armor |
| 25:39 | Edad | Edad de los Castillos |
| 25:43 | Construir | Stone Wall |
| 25:46 | Construir | Gate |
| 25:52 | Crear | Villager (Male) |
| 26:01 | Construir | Town Center |
| 26:27 | Construir | Town Center |
| 26:38 | Crear | Villager (Male) |
| 26:54 | Construir | Farm |
| 26:55 | Construir | Farm |
| 26:56 | Construir | Farm |
| 26:58 | Construir | Farm |
| 26:59 | Construir | Farm |
| 27:00 | Construir | Farm |
| 27:06 | Crear | Villager (Male) |
| 27:07 | Crear | Villager (Male) |
| 27:11 | Construir | Farm |
| 27:12 | Construir | Farm |
| 27:14 | Construir | Farm |
| 27:19 | Construir | Farm |
| 27:20 | Construir | Farm |
| 27:21 | Construir | Farm |
| 27:21 | Construir | Farm |
| 27:25 | Construir | Farm |
| 27:28 | Crear | Villager (Male) |
| 27:30 | Crear | Villager (Male) |
| 27:31 | Crear | Villager (Male) |
| 27:46 | Investigar | Squires |
| 27:47 | Investigar | Pikeman (upgrade) |
| 28:06 | Construir | Barracks |
| 28:10 | Construir | Archery Range |
| 28:16 | Construir | Stable |
| 28:28 | Construir | Lumber Camp |
| 28:41 | Construir | Castle |
| 28:45 | Crear | Villager (Male) |
| 28:47 | Crear | Villager (Male) |
Build order — Josico90
Primeras 150 de 1337 acciones detectadas
| 0:00 | Crear | Villager (Male) |
| 0:01 | Crear | Villager (Male) |
| 0:01 | Crear | Villager (Male) |
| 0:02 | Construir | House |
| 0:03 | Construir | House |
| 0:24 | Crear | Villager (Male) |
| 0:28 | Investigar | Loom |
| 1:30 | Crear | Villager (Male) |
| 2:12 | Crear | Villager (Male) |
| 2:31 | Crear | Villager (Male) |
| 2:35 | Construir | Lumber Camp |
| 3:02 | Crear | Villager (Male) |
| 3:33 | Crear | Villager (Male) |
| 3:55 | Crear | Villager (Male) |
| 4:07 | Construir | House |
| 4:09 | Construir | House |
| 4:31 | Crear | Villager (Male) |
| 4:40 | Crear | Villager (Male) |
| 5:18 | Crear | Villager (Male) |
| 5:31 | Construir | Mill |
| 5:50 | Crear | Villager (Male) |
| 6:04 | Crear | Villager (Male) |
| 6:24 | Crear | Villager (Male) |
| 6:24 | Crear | Villager (Male) |
| 6:50 | Construir | Lumber Camp |
| 8:01 | Construir | House |
| 8:03 | Construir | House |
| 8:26 | Construir | Mill |
| 8:34 | Construir | Farm |
| 9:07 | Construir | Farm |
| 9:21 | Investigar | Feudal Age |
| 9:57 | Investigar | Double-Bit Axe |
| 10:16 | Investigar | Horse Collar |
| 10:46 | Crear | Villager (Male) |
| 10:46 | Crear | Villager (Male) |
| 11:09 | Construir | Barracks |
| 11:31 | Edad | Edad Feudal |
| 11:31 | Investigar | Bow Saw |
| 11:42 | Crear | Villager (Male) |
| 12:04 | Construir | Stable |
| 12:09 | Crear | Villager (Male) |
| 12:16 | Construir | Farm |
| 12:40 | Construir | Blacksmith |
| 12:48 | Crear | Villager (Male) |
| 12:52 | Construir | Farm |
| 13:03 | Construir | Farm |
| 13:03 | Construir | Farm |
| 13:04 | Construir | Farm |
| 13:04 | Construir | Farm |
| 13:04 | Construir | Farm |
| 13:27 | Crear | Villager (Male) |
| 13:30 | Construir | Farm |
| 13:30 | Construir | Farm |
| 13:30 | Construir | Farm |
| 13:31 | Construir | Farm |
| 13:31 | Construir | Farm |
| 13:31 | Construir | Farm |
| 13:31 | Construir | Farm |
| 13:40 | Investigar | Forging |
| 13:47 | Crear | Villager (Male) |
| 13:50 | Construir | Farm |
| 13:50 | Construir | Farm |
| 13:51 | Construir | Farm |
| 13:51 | Construir | Farm |
| 13:51 | Construir | Farm |
| 14:24 | Crear | Villager (Male) |
| 14:30 | Construir | Farm |
| 14:35 | Construir | Farm |
| 14:39 | Construir | Farm |
| 14:44 | Construir | Farm |
| 14:45 | Crear | Villager (Male) |
| 15:13 | Construir | Market |
| 15:15 | Crear | Villager (Male) |
| 15:31 | Crear | Villager (Male) |
| 15:36 | Construir | Lumber Camp |
| 15:46 | Crear | Villager (Male) |
| 16:12 | Construir | Stable |
| 16:23 | Crear | Villager (Male) |
| 16:32 | Construir | Mining Camp |
| 16:54 | Crear | Scout Cavalry |
| 16:54 | Crear | Scout Cavalry |
| 17:32 | Investigar | Town Watch |
| 17:59 | Construir | House |
| 18:01 | Construir | House |
| 18:02 | Construir | House |
| 18:05 | Crear | Flemish Militia |
| 18:05 | Crear | Flemish Militia |
| 18:21 | Investigar | Wheelbarrow |
| 18:28 | Crear | Flemish Militia |
| 18:28 | Crear | Flemish Militia |
| 18:41 | Construir | Stable |
| 18:56 | Construir | House |
| 19:11 | Construir | Gate |
| 19:14 | Construir | House |
| 19:15 | Construir | House |
| 19:30 | Investigar | Castle Age |
| 19:34 | Construir | Farm |
| 19:35 | Construir | Farm |
| 19:35 | Construir | Farm |
| 19:35 | Construir | Farm |
| 19:35 | Construir | Farm |
| 20:05 | Investigar | Scale Mail Armor |
| 20:14 | Construir | Barracks |
| 20:16 | Construir | Barracks |
| 20:35 | Investigar | Man-at-Arms (upgrade) |
| 21:27 | Construir | Barracks |
| 21:30 | Investigar | Arson |
| 21:38 | Construir | Lumber Camp |
| 21:44 | Construir | Farm |
| 21:50 | Investigar | Gold Mining |
| 22:16 | Edad | Edad de los Castillos |
| 22:17 | Investigar | Long Swordsman (upgrade) |
| 22:18 | Investigar | Long Swordsman (upgrade) |
| 22:27 | Investigar | Cavalier (upgrade) |
| 22:34 | Construir | Farm |
| 22:49 | Construir | Palisade Wall |
| 22:57 | Investigar | Scale Barding Armor |
| 23:09 | Crear | Villager (Male) |
| 23:28 | Crear | Knight |
| 23:28 | Crear | Knight |
| 23:41 | Crear | Villager (Male) |
| 23:50 | Crear | Knight |
| 23:50 | Crear | Knight |
| 24:04 | Crear | Villager (Male) |
| 24:14 | Investigar | Husbandry |
| 24:27 | Crear | Flemish Militia |
| 24:27 | Crear | Flemish Militia |
| 24:28 | Crear | Flemish Militia |
| 24:36 | Crear | Villager (Male) |
| 24:49 | Construir | Stone Wall |
| 24:53 | Construir | House |
| 24:57 | Construir | House |
| 24:59 | Construir | House |
| 25:00 | Crear | Villager (Male) |
| 25:09 | Construir | Town Center |
| 25:13 | Crear | Villager (Male) |
| 25:20 | Crear | Villager (Male) |
| 25:20 | Crear | Villager (Male) |
| 25:32 | Investigar | Squires |
| 25:48 | Crear | Villager (Male) |
| 25:50 | Crear | Flemish Militia |
| 25:51 | Crear | Flemish Militia |
| 26:05 | Crear | Flemish Militia |
| 26:05 | Crear | Flemish Militia |
| 26:09 | Construir | Farm |
| 26:11 | Crear | Villager (Male) |
| 26:12 | Crear | Villager (Male) |
| 26:30 | Crear | Villager (Male) |
| 26:37 | Crear | Villager (Male) |
| 26:41 | Construir | Farm |
Build order — tarilis
Primeras 150 de 688 acciones detectadas
| 0:07 | Construir | House |
| 0:09 | Construir | House |
| 0:18 | Crear | Villager (Male) |
| 0:18 | Crear | Villager (Male) |
| 0:18 | Crear | Villager (Male) |
| 0:19 | Crear | Villager (Male) |
| 0:19 | Crear | Villager (Male) |
| 1:42 | Crear | Villager (Male) |
| 2:34 | Crear | Villager (Male) |
| 2:34 | Crear | Villager (Male) |
| 3:28 | Crear | Villager (Male) |
| 3:28 | Crear | Villager (Male) |
| 3:44 | Investigar | Loom |
| 3:57 | Crear | Villager (Male) |
| 3:57 | Crear | Villager (Male) |
| 4:32 | Construir | House |
| 4:40 | Construir | Mill |
| 5:01 | Crear | Villager (Male) |
| 5:01 | Crear | Villager (Male) |
| 5:01 | Crear | Villager (Male) |
| 6:30 | Crear | Villager (Male) |
| 6:30 | Crear | Villager (Male) |
| 7:02 | Construir | Mining Camp |
| 7:16 | Crear | Villager (Male) |
| 7:43 | Crear | Villager (Male) |
| 8:15 | Investigar | Feudal Age |
| 8:31 | Construir | House |
| 9:34 | Construir | Lumber Camp |
| 10:03 | Crear | Villager (Male) |
| 10:03 | Crear | Villager (Male) |
| 10:03 | Crear | Villager (Male) |
| 10:04 | Crear | Villager (Male) |
| 10:04 | Crear | Villager (Male) |
| 10:04 | Crear | Villager (Male) |
| 10:25 | Edad | Edad Feudal |
| 11:14 | Construir | Blacksmith |
| 11:50 | Construir | Stone Wall |
| 11:54 | Construir | Gate |
| 12:21 | Construir | Stone Wall |
| 12:30 | Construir | Barracks |
| 12:41 | Crear | Villager (Male) |
| 12:42 | Crear | Villager (Male) |
| 12:42 | Crear | Villager (Male) |
| 12:42 | Crear | Villager (Male) |
| 13:02 | Construir | Farm |
| 13:09 | Construir | Farm |
| 13:22 | Construir | House |
| 13:28 | Investigar | Wheelbarrow |
| 13:43 | Construir | Farm |
| 13:56 | Construir | House |
| 13:58 | Construir | House |
| 14:14 | Crear | Militia |
| 14:14 | Crear | Militia |
| 14:15 | Crear | Militia |
| 14:24 | Crear | Villager (Male) |
| 14:56 | Construir | Mining Camp |
| 15:16 | Crear | Villager (Male) |
| 15:16 | Crear | Villager (Male) |
| 15:24 | Construir | Farm |
| 15:25 | Construir | Farm |
| 15:33 | Crear | Militia |
| 16:05 | Crear | Villager (Male) |
| 16:05 | Crear | Villager (Male) |
| 16:11 | Construir | Farm |
| 16:19 | Construir | Farm |
| 16:23 | Crear | Villager (Male) |
| 16:30 | Construir | Farm |
| 16:56 | Construir | Farm |
| 17:14 | Construir | Stone Wall |
| 17:27 | Crear | Villager (Male) |
| 17:28 | Crear | Villager (Male) |
| 18:10 | Construir | Stone Wall |
| 18:16 | Construir | Market |
| 18:27 | Crear | Villager (Male) |
| 18:27 | Crear | Villager (Male) |
| 18:28 | Crear | Villager (Male) |
| 18:44 | Construir | Gate |
| 18:54 | Construir | Stone Wall |
| 18:55 | Construir | Stone Wall |
| 19:16 | Construir | Mill |
| 19:22 | Construir | Farm |
| 19:22 | Construir | Farm |
| 19:22 | Construir | Farm |
| 19:23 | Construir | Farm |
| 19:23 | Construir | Farm |
| 19:23 | Construir | Farm |
| 19:23 | Construir | Farm |
| 19:24 | Construir | Farm |
| 19:28 | Construir | Farm |
| 19:28 | Construir | Farm |
| 20:01 | Construir | Farm |
| 20:18 | Crear | Villager (Male) |
| 20:18 | Crear | Villager (Male) |
| 20:30 | Construir | Farm |
| 21:10 | Crear | Villager (Male) |
| 21:10 | Crear | Villager (Male) |
| 21:40 | Crear | Trade Cart |
| 21:40 | Crear | Trade Cart |
| 21:50 | Investigar | Castle Age |
| 22:03 | Crear | Spearman |
| 22:03 | Crear | Spearman |
| 22:12 | Construir | Stone Wall |
| 22:33 | Construir | House |
| 22:34 | Construir | House |
| 22:35 | Construir | House |
| 22:49 | Investigar | Town Watch |
| 22:51 | Crear | Villager (Male) |
| 22:52 | Crear | Villager (Male) |
| 22:52 | Crear | Villager (Male) |
| 22:52 | Crear | Villager (Male) |
| 23:33 | Investigar | Horse Collar |
| 23:37 | Investigar | Double-Bit Axe |
| 23:58 | Construir | Farm |
| 24:13 | Crear | Villager (Male) |
| 24:14 | Crear | Villager (Male) |
| 24:14 | Crear | Villager (Male) |
| 24:14 | Crear | Villager (Male) |
| 24:25 | Construir | Stone Wall |
| 24:28 | Construir | Stone Wall |
| 24:40 | Edad | Edad de los Castillos |
| 24:45 | Construir | Krepost |
| 24:50 | Investigar | Fletching |
| 24:50 | Investigar | Forging |
| 24:52 | Investigar | Scale Barding Armor |
| 25:14 | Construir | Krepost |
| 25:26 | Crear | Spearman |
| 25:26 | Crear | Spearman |
| 25:50 | Investigar | Bodkin Arrow |
| 26:07 | Investigar | Iron Casting |
| 26:08 | Investigar | Scale Mail Armor |
| 26:35 | Construir | House |
| 26:38 | Construir | House |
| 26:40 | Construir | House |
| 26:42 | Construir | House |
| 26:45 | Construir | House |
| 26:47 | Construir | House |
| 26:48 | Construir | House |
| 26:50 | Construir | House |
| 26:51 | Construir | House |
| 27:02 | Crear | Villager (Male) |
| 27:02 | Crear | Villager (Male) |
| 27:02 | Crear | Villager (Male) |
| 27:02 | Crear | Villager (Male) |
| 27:02 | Crear | Villager (Male) |
| 27:03 | Crear | Villager (Male) |
| 27:31 | Construir | Mining Camp |
| 27:52 | Construir | Stone Wall |
| 28:14 | Investigar | Bow Saw |
| 28:32 | Crear | Konnik |
| 28:32 | Crear | Konnik |
Build order — wolch
Primeras 150 de 638 acciones detectadas
| 0:03 | Crear | Villager (Male) |
| 0:03 | Crear | Villager (Male) |
| 0:03 | Crear | Villager (Male) |
| 0:04 | Crear | Villager (Male) |
| 0:08 | Construir | House |
| 0:11 | Construir | House |
| 0:40 | Construir | House |
| 1:41 | Crear | Villager (Male) |
| 2:19 | Crear | Villager (Male) |
| 2:33 | Crear | Villager (Male) |
| 3:20 | Crear | Villager (Male) |
| 3:22 | Crear | Villager (Male) |
| 3:40 | Construir | Lumber Camp |
| 4:10 | Crear | Villager (Male) |
| 4:11 | Crear | Villager (Male) |
| 4:11 | Crear | Villager (Male) |
| 4:34 | Crear | Villager (Male) |
| 4:34 | Crear | Villager (Male) |
| 5:02 | Crear | Villager (Male) |
| 5:07 | Construir | Mill |
| 5:14 | Crear | Villager (Male) |
| 5:39 | Construir | House |
| 6:22 | Crear | Villager (Male) |
| 6:22 | Crear | Villager (Male) |
| 6:33 | Investigar | Double-Bit Axe |
| 7:09 | Crear | Villager (Male) |
| 7:42 | Crear | Villager (Male) |
| 8:01 | Crear | Villager (Male) |
| 8:01 | Crear | Villager (Male) |
| 8:01 | Crear | Villager (Male) |
| 8:02 | Crear | Villager (Male) |
| 8:03 | Construir | House |
| 8:48 | Crear | Villager (Male) |
| 8:48 | Crear | Villager (Male) |
| 8:55 | Construir | Mining Camp |
| 10:16 | Investigar | Feudal Age |
| 10:17 | Investigar | Loom |
| 10:49 | Construir | House |
| 10:54 | Construir | Palisade Wall |
| 11:19 | Construir | Barracks |
| 11:39 | Investigar | Horse Collar |
| 11:45 | Investigar | Gold Mining |
| 12:03 | Construir | House |
| 12:20 | Construir | Farm |
| 12:23 | Construir | Farm |
| 12:26 | Construir | Farm |
| 12:32 | Construir | Farm |
| 12:35 | Edad | Edad Feudal |
| 13:05 | Construir | Farm |
| 13:08 | Construir | Farm |
| 13:10 | Crear | Villager (Male) ×5 |
| 13:19 | Construir | Farm |
| 13:22 | Construir | Farm |
| 13:39 | Construir | Stone Wall |
| 13:47 | Crear | Flemish Militia |
| 13:48 | Crear | Flemish Militia |
| 13:48 | Crear | Flemish Militia |
| 13:50 | Crear | Villager (Male) |
| 13:50 | Crear | Villager (Male) |
| 14:09 | Construir | Stable |
| 14:21 | Construir | House |
| 14:23 | Construir | House |
| 14:24 | Construir | House |
| 14:25 | Construir | House |
| 14:26 | Crear | Villager (Male) |
| 14:27 | Crear | Villager (Male) |
| 14:45 | Construir | Farm |
| 14:45 | Construir | Farm |
| 14:46 | Construir | Farm |
| 15:10 | Crear | Villager (Male) |
| 15:19 | Investigar | Bow Saw |
| 15:59 | Crear | Villager (Male) |
| 15:59 | Crear | Villager (Male) |
| 17:02 | Crear | Villager (Male) |
| 17:02 | Crear | Villager (Male) |
| 17:02 | Crear | Villager (Male) |
| 17:09 | Construir | Blacksmith |
| 17:14 | Construir | Market |
| 18:15 | Construir | Farm |
| 18:19 | Construir | Farm |
| 18:19 | Construir | Farm |
| 18:19 | Construir | Farm |
| 18:20 | Construir | Farm |
| 18:20 | Construir | Farm |
| 18:20 | Construir | Farm |
| 18:20 | Construir | Farm |
| 18:20 | Construir | Farm |
| 18:21 | Construir | Farm |
| 18:21 | Construir | Farm |
| 18:26 | Construir | Farm |
| 18:26 | Construir | Farm |
| 18:27 | Construir | Farm |
| 18:27 | Construir | Farm |
| 18:27 | Construir | Farm |
| 19:07 | Crear | Villager (Male) |
| 19:08 | Crear | Villager (Male) |
| 19:08 | Crear | Villager (Male) |
| 19:20 | Construir | Archery Range |
| 19:24 | Crear | Villager (Male) |
| 19:24 | Crear | Villager (Male) |
| 19:28 | Construir | Farm |
| 19:28 | Construir | Farm |
| 19:28 | Construir | Farm |
| 19:29 | Construir | Farm |
| 19:29 | Construir | Farm |
| 19:29 | Construir | Farm |
| 19:29 | Construir | Farm |
| 19:29 | Construir | Farm |
| 19:29 | Construir | Farm |
| 19:32 | Crear | Villager (Male) |
| 19:32 | Crear | Villager (Male) |
| 19:32 | Crear | Villager (Male) |
| 20:20 | Investigar | Castle Age |
| 20:27 | Crear | Trade Cart |
| 20:35 | Crear | Flemish Militia |
| 20:35 | Crear | Flemish Militia |
| 21:06 | Construir | Farm |
| 21:12 | Crear | Villager (Male) |
| 21:12 | Crear | Villager (Male) |
| 21:38 | Construir | Gate |
| 21:40 | Investigar | Forging |
| 21:41 | Investigar | Scale Mail Armor |
| 22:33 | Investigar | Heavy Plow |
| 22:51 | Investigar | Scale Barding Armor |
| 22:55 | Crear | Scout Cavalry |
| 22:55 | Crear | Scout Cavalry |
| 22:55 | Crear | Scout Cavalry |
| 22:56 | Crear | Scout Cavalry |
| 22:57 | Crear | Scout Cavalry |
| 23:21 | Edad | Edad de los Castillos |
| 23:23 | Construir | Lumber Camp |
| 23:46 | Investigar | Squires |
| 23:46 | Crear | Flemish Militia ×5 |
| 23:49 | Investigar | Iron Casting |
| 24:04 | Construir | Stable |
| 24:06 | Construir | Stable |
| 24:11 | Crear | Villager (Male) ×5 |
| 24:41 | Construir | Lumber Camp |
| 25:02 | Investigar | Light Cavalry (upgrade) |
| 25:45 | Construir | House |
| 25:46 | Construir | House |
| 25:46 | Construir | House |
| 25:46 | Construir | House |
| 25:46 | Construir | House |
| 25:46 | Construir | House |
| 25:47 | Construir | House |
| 25:47 | Construir | House |
| 25:48 | Crear | Villager (Male) |
| 25:49 | Crear | Villager (Male) |
| 25:49 | Crear | Villager (Male) |
Cronología de la partida
| 10:25 | tarilis · age_up feudal |
| 10:54 | wolch · wall_segment Palisade Wall x20 |
| 11:09 | Josico90 · first_building Barracks |
| 11:19 | wolch · first_building Barracks |
| 11:31 | Josico90 · age_up feudal |
| 11:50 | tarilis · wall_segment Stone Wall x37 |
| 12:04 | Josico90 · first_building Stable |
| 12:21 | tarilis · wall_segment Stone Wall x29 |
| 12:30 | tarilis · first_building Barracks |
| 12:35 | wolch · age_up feudal |
| 13:23 | Jojo l'Escargot · age_up feudal |
| 13:39 | wolch · wall_segment Stone Wall x23 |
| 14:09 | wolch · first_building Stable |
| 16:52 | Jojo l'Escargot · first_building Barracks |
| 17:14 | tarilis · wall_segment Stone Wall x14 |
| 17:20 | Jojo l'Escargot · wall_segment Palisade Wall x9 |
| 17:23 | Jojo l'Escargot · wall_segment Palisade Wall x7 |
| 18:10 | tarilis · wall_segment Stone Wall x1 |
| 18:34 | Jojo l'Escargot · wall_segment Palisade Wall x7 |
| 18:54 | tarilis · wall_segment Stone Wall x4 |
| 18:55 | tarilis · wall_segment Stone Wall x1 |
| 19:20 | wolch · first_building Archery Range |
| 19:29 | Josico90 · first_market_sell 100 stone |
| 20:39 | Jojo l'Escargot · first_building Stable |
| 20:41 | Jojo l'Escargot · first_building Archery Range |
| 22:12 | tarilis · wall_segment Stone Wall x13 |
| 22:16 | Josico90 · age_up castle |
| 22:49 | Josico90 · wall_segment Palisade Wall x1 |
| 22:57 | Jojo l'Escargot · wall_segment Stone Wall x9 |
| 23:18 | Jojo l'Escargot · wall_segment Stone Wall x8 |
| 23:21 | wolch · age_up castle |
| 24:02 | Josico90 · first_market_buy 100 stone |
| 24:25 | tarilis · wall_segment Stone Wall x8 |
| 24:28 | tarilis · wall_segment Stone Wall x8 |
| 24:40 | tarilis · age_up castle |
| 24:45 | tarilis · first_building Krepost |
| 24:49 | Josico90 · wall_segment Stone Wall x6 |
| 25:39 | Jojo l'Escargot · age_up castle |
| 25:43 | Jojo l'Escargot · wall_segment Stone Wall x17 |
| 27:52 | tarilis · wall_segment Stone Wall x1 |
| 28:41 | Jojo l'Escargot · first_building Castle |
| 29:40 | wolch · first_market_buy 100 stone |
| 30:51 | Josico90 · wall_segment Stone Wall x23 |
| 31:01 | wolch · first_market_sell 100 wood |
| 32:12 | tarilis · first_market_sell 100 wood |
| 34:28 | Jojo l'Escargot · age_up imperial |
| 34:43 | Jojo l'Escargot · first_building Monastery |
| 34:48 | tarilis · first_building Dock |
| 35:47 | wolch · first_building Monastery |
| 35:56 | tarilis · first_market_buy 100 stone |
| 36:03 | Josico90 · wall_segment Stone Wall x1 |
| 36:46 | tarilis · age_up imperial |
| 37:04 | Josico90 · first_building Castle |
| 37:33 | tarilis · first_building Castle |
| 37:36 | wolch · first_building Castle |
| 39:27 | wolch · first_building Dock |
| 40:14 | wolch · age_up imperial |
| 41:39 | Josico90 · age_up imperial |
| 42:16 | Jojo l'Escargot · first_building Siege Workshop |
| 43:08 | Josico90 · wall_segment Palisade Wall x1 |
| 43:27 | wolch · first_building Siege Workshop |
| 43:47 | tarilis · first_building Stable |
| 50:04 | wolch · wall_segment Palisade Wall x1 |
| 51:47 | wolch · wall_segment Stone Wall x10 |
| 52:03 | Jojo l'Escargot · wall_segment Stone Wall x5 |
| 52:08 | Jojo l'Escargot · wall_segment Stone Wall x11 |
| 52:14 | Jojo l'Escargot · wall_segment Stone Wall x2 |
| 52:19 | Jojo l'Escargot · wall_segment Stone Wall x9 |
| 52:30 | Josico90 · wall_segment Stone Wall x9 |
| 61:39 | Jojo l'Escargot · first_market_sell 500 food |
| 63:26 | Josico90 · first_building Siege Workshop |
| 66:15 | Jojo l'Escargot · first_market_buy 100 stone |
| 66:23 | Jojo l'Escargot · wall_segment Stone Wall x40 |
| 68:50 | tarilis · wall_segment Stone Wall x4 |
| 74:19 | Jojo l'Escargot · wall_segment Stone Wall x12 |
| 75:20 | Jojo l'Escargot · wall_segment Stone Wall x3 |
| 76:34 | wolch · wall_segment Stone Wall x9 |
| 81:19 | Josico90 · resign |
| 83:03 | tarilis · wall_segment Stone Wall x3 |
[ ANÁLISIS IA · 1 CRÉDITO ]
¿Qué pasó realmente en esta partida?
Wolo.gg analiza cada decisión: build order, eco, micro, errores típicos por bracket. Análisis personalizado por WhatsApp o Discord en 30 segundos.
Guía civ
Búlgaros
Perfil
Jugador #877969